 Dungeon Crawl Stone Soup version 0.27.1-33-g824d729ab1 (webtiles) character file.

Game seed: 16091230259768468748

28 unlimited1921 the Shield-Bearer (level 2, -6/29 HPs)
             Began as a Troll Fighter on Dec 2, 2021.
             Mangled by an ogre (23 damage)
             ... on level 2 of the Dungeon.
             The game lasted 00:03:03 (591 turns).

unlimited1921 the Shield-Bearer (Troll Fighter)      Turns: 591, Time: 00:03:03

Health: -6/29      AC:  4    Str: 23    XL:     2   Next: 96%
Magic:  1/1        EV:  8    Int:  4    God:
Gold:   9          SH:  8    Dex:  9    Spells: 1/1 levels left

rFire    . . .     SeeInvis .   a - +0 flail
rCold    . . .     Faith    .   c - +0 kite shield
rNeg     . . .     Spirit   .   b - +0 robe
rPois    .         Reflect  .   (helmet restricted)
rElec    .         Harm     .   (no cloak)
rCorr    .         Rampage  .   (gloves unavailable)
Will     .....                  (boots unavailable)
Stlth    +.........             (no amulet)
HPRegen  1.09/turn              (no ring)
MPRegen  0.07/turn              (no ring)

@: no status effects
A: large, unfitting armour, claws 3, regeneration 1, shaggy fur 1, tough skin 1
a: no special abilities


You were on level 2 of the Dungeon.
You visited 1 branch of the dungeon, and saw 2 of its levels.

You collected 9 gold pieces.

Inventory:

Hand Weapons
 a - a +0 flail (weapon)
Missiles
 e - 4 bolts
 h - 2 poisoned darts (quivered)
Armour
 b - a +0 robe (worn)
 c - a +0 kite shield (worn)
Jewellery
 g - an amulet of faith
Scrolls
 f - a scroll of enchant weapon {unknown}
 i - a scroll of teleportation {unknown}
Potions
 d - a potion of might
 j - a potion of cancellation {unknown}


   Skills:
 + Level 2.6 Fighting
 + Level 2.0 Maces & Flails
 * Level 0.7 Throwing
 + Level 2.7 Dodging
 + Level 2.7 Shields


You had one spell level left.
You didn't know any spells.
Your spell library was empty.

Dungeon Overview and Level Annotations

Branches:
Dungeon (2/15)

Altars:


Innate Abilities, Weirdness & Mutations

You are too large for most types of armour.
You have claws for hands.
Your natural rate of healing is unusually fast.
You are covered in fur. (AC +1)
You have tough skin. (AC +1)


Message History

The adder bites you but does no damage. The adder bites you.
You are poisoned.
The adder poisons you!
You feel sick.
You feel sick.
There is a stone staircase leading up here.
You feel sick. The adder bites you.
You are more poisoned.
The adder poisons you!
You climb upwards.
You feel very sick.
There is a stone staircase leading down here.
You sock the adder!
You kill the adder!
You feel sick.
Your Maces & Flails skill increases to level 2!
No target in view!
No target in view!
You start resting.
You feel sick. x4
You are no longer poisoned.
You start resting.
HP restored.
You climb downwards.
The ogre hits you with a +0 giant club.
There is a stone staircase leading up here.
You hit the ogre but do no damage.
The ogre is severely wounded.
The ogre closely misses you.
You barely miss the ogre.
The ogre is severely wounded.
The ogre barely misses you.
You hit the ogre.
The ogre is almost dead.
The ogre hits you with a +0 giant club!
You hit the ogre.
The ogre is almost dead.
You block the ogre's attack.
The ogre hits you with a +0 giant club!!
Ouch! That really hurt!
You die...

#....# #........
#.....####.......#
#...#..##.........
#...##.........#
#......#..#### #.##
#..##$.......#
.....##......#....####
#.(.(.....O.........
.#..#.(...@#....###..
#....#.#.(###O...##..
......#...###........#
..........##......#.##
.....#....##.#.......#
.............#####....
...##.......# #..#
....?......## ...
.#.#........# ..


You could see an ogre.

Vanquished Creatures
  An adder (D:1)
  4 goblins (D:1)
  A hobgoblin (D:1)
  2 jackals (D:1)
  2 kobolds (D:1)
  2 quokkas (D:1)
  2 frilled lizards (D:1)
  3 rats (D:1)
17 creatures vanquished.

Notes
Turn   | Place    | Note
-------+----------+-------------------------------------------
     0 | D:1      | unlimited1921 the Troll Fighter began the quest for the
                  | Orb.
     0 | D:1      | Reached XP level 1. HP: 22/22 MP: 0/0
   293 | D:1      | Reached XP level 2. HP: 29/29 MP: 1/1
   534 | D:2      | Noticed an ogre
   591 | D:2      | Mangled by an ogre

Illustrated notes

Levels and vault maps discovered:
D:1:      minmay_arrival_wavy_path, layout_rooms
D:2:      layout_rooms, basic_altar, chequers_serial_rivers_small_b,
          uniq_crazy_yiuf_cottage, uniq_jessica

Skill      XL: |  1  2 |
---------------+-------+-----
Maces & Flails | 2 |  2.0
Fighting       | |  2.6
Throwing       | |  0.7
Dodging        | |  2.7
Shields        | |  2.7

Action                   || total
-------------------------++-------
Melee: Flail             ||    61
Throw: Dart              ||     4
Armor: Robe              ||    23
Dodge: Dodged            ||    33
Block: Kite shield       ||    34
